 Dungeon Crawl Stone Soup version 0.30.1-9-gdf580d7c3d (webtiles) character file.

Game seed: 8617203140785432855

8369 Psyclone the Destroyer (level 11, -5/74 HPs)
             Began as a Gnoll Conjurer on Oct 24, 2023.
             Was an Initiate of Ashenzari.
             Slain by a meliai
             ... wielding a +0 hand axe
              (7 damage)
             ... on level 10 of the Dungeon.
             The game lasted 00:31:08 (12164 turns).

Psyclone the Destroyer (Gnoll Conjurer)            Turns: 12164, Time: 00:31:08

Health: -5/74      AC: 13    Str:  5    XL:     11   Next: 29%
Magic:  21/23      EV: 18    Int: 21    God:    Ashenzari [......]
Gold:   1121       SH:  0    Dex: 23    Spells: 15/26 levels left

rFire   . . .        L - +5 rapier of Responsibility {vamp, +Blink rC+}
rCold   + + .        (no shield)
rNeg    . . .        M - +2 robe {Archmagi}
rPois   .            A - +2 helmet
rElec   .            f - +1 cloak "Zefe" {Dex+8}
rCorr   .            c - +1 pair of gloves
SInv    +            i - +0 pair of boots
Will    .....        o - amulet of regeneration
Stlth   ++++         h - ring of see invisible
HPRegen 1.12/turn    (no ring)
MPRegen 0.18/turn

%: archmagi
@: unable to drink
A: fangs 1, strong nose, distributed training, agile 1, cold resistance 1, frail
1, inability to drink after injury 1
a: Renounce Religion, Evoke Blink, Curse Item


You were on level 10 of the Dungeon.
You worshipped Ashenzari.
Ashenzari was noncommittal.
You visited 1 branch of the dungeon, and saw 10 of its levels.
You also visited: Bailey.

You collected 1121 gold pieces.

Inventory:

Hand Weapons
 l - a +1 dagger of speed
 L - the +5 rapier of Responsibility (weapon) {vamp, +Blink rC+}
   (You found it on level 8 of the Dungeon)

   rC:        It protects you from cold.
   +Blink:    It lets you blink.
Armour
 c - a +1 pair of gloves (worn)
 f - the +1 cloak "Zefe" (worn) {Dex+8}
   (You acquired it in a bailey)

   Dex:       It affects your dexterity (+8).
 i - a +0 pair of boots (worn)
 j - a +0 kite shield
 p - a +2 scale mail of willpower
 t - an orb of energy
 A - a +2 helmet (worn)
 M - a +2 robe of the Archmagi (worn)
Jewellery
 h - a ring of see invisible (left hand)
 o - an amulet of regeneration (around neck)
 y - the dreamshard necklace {*Dream Drain}
   (You found it on level 3 of the Dungeon)

   [amulet of nothing]

   *Dream:    It shatters if its wearer takes lethal or near-lethal damage,
   preventing the blow and releasing protective dreams that heal and fight for
   the wearer.
   Drain:     It drains your maximum health when unequipped.
 K - a ring of protection from cold
Wands
 m - a wand of flame (27)
Scrolls
 a - a scroll of identify {@r1}
 d - 3 scrolls of torment
 u - 2 scrolls of teleportation
 v - a scroll of butterflies
 x - a scroll of silence {!r}
 z - a scroll of enchant armour
 B - 2 scrolls of immolation
 E - a scroll of magic mapping
 F - a scroll of fear
 G - a scroll of blinking
 I - 3 scrolls of enchant weapon
Potions
 b - a potion of magic
 e - a potion of degeneration
 g - 6 potions of curing
 k - a potion of flight
 n - 3 potions of heal wounds
 q - a potion of might
 r - 2 potions of attraction {unknown}
 s - a potion of ambrosia {unknown}
 w - 2 potions of lignification
 J - 2 potions of haste
 N - a potion of invisibility


   Skills:
 + Level 6.4 Fighting
 + Level 6.4 Short Blades
 + Level 6.4 Long Blades
 + Level 6.4 Axes
 + Level 6.4 Maces & Flails
 + Level 6.4 Polearms
 + Level 6.4 Staves
 + Level 6.4 Ranged Weapons
 + Level 6.4 Throwing
 + Level 6.4 Armour
 + Level 7.9 Dodging
 + Level 7.7 Stealth
 + Level 6.4 Shields
 + Level 6.4 Unarmed Combat
 + Level 8.2 Spellcasting
 + Level 9.0 Conjurations
 + Level 5.3 Hexes
 + Level 5.3 Summonings
 + Level 5.3 Necromancy
 + Level 5.3 Translocations
 + Level 5.3 Transmutations
 + Level 5.3 Fire Magic
 + Level 5.3 Ice Magic
 + Level 5.3 Air Magic
 + Level 5.3 Earth Magic
 + Level 5.3 Poison Magic
 + Level 7.0 Invocations
 + Level 6.4 Evocations


You had 15 spell levels left.
You knew the following spells:

 Your Spells              Type           Power      Damage    Failure   Level
a - Magic Dart            Conj           100%       1d8       1%          1
b - Searing Ray           Conj           100%       2d8       1%          2
d - Fulminant Prism       Conj/Hex       27%        3d14      4%          4
e - Iskenderun's Mystic   Conj/Tloc      55%        2d12      4%          4

Your spell library contained the following spells:

 Spells                   Type           Power      Damage    Failure   Level
 Foxfire                  Conj/Fire      100%       2x1d9     1%          1
 Kiss of Death            Conj/Necr      100%       2d13      1%          1
 Slow                     Hex            100%       N/A       1%          1
 Sting                    Tmut/Pois      100%       1d8       1%          1
 Ensorcelled Hibernation  Hex/Ice        92%        N/A       1%          2
 Dazzling Flash           Conj/Hex       100%       N/A       1%          3
 Mephitic Cloud           Conj/Pois/Air  52%        N/A       1%          3
 Confusing Touch          Hex            46%        N/A       2%          3
 Ignite Poison            Fire/Tmut/Pois 46%        N/A       2%          3
 Spider Form              Tmut/Pois      46%        N/A       2%          3
 Vampiric Draining        Necr           46%        2d9       2%          3
 Sticky Flame             Conj/Fire      55%        2d7       4%          4
 Anguish                  Hex/Necr       23%        N/A       9%          4
 Irradiate                Conj/Tmut      27%        3d20      12%         5
 Yara's Violent Unravell  Hex/Tmut       23%        3d10      24%         5
 Ignition                 Fire           23%        3d8       100%        8


Dungeon Overview and Level Annotations

Branches:
Dungeon (10/15) Zot: 26549  Temple (0/1) D:5          Bailey (visited)
   Lair: D:8-11         Orc: D:9-12

Altars:
Ashenzari
Fedhas
Nemelex Xobeh
Qazlal
Sif Muna
Vehumet
Wu Jian
Xom
Yredelemnul

Shops:
D:1 (   D:7 =

Annotations:
D:7 1 runed translucent door, foxicus's ghost, novice HOFi
D:9 2 runed translucent doors, eliilek's ghost, novice MiBe


Innate Abilities, Weirdness & Mutations

You have very sharp teeth.
Your uncanny sense of smell can sniff out nearby items.
Your experience applies equally to all skills.
You are agile. (Dex +4, Str/Int -1)
Your flesh is cold resistant. (rC+)
You are frail. (-10% HP)
You occasionally lose the ability to drink potions when taking damage.


Message History

The meliai is moderately wounded.
The meliai buzzes angrily. x3; You hear a shout! x2
The meliai calls down the wrath of its god upon you.
Something smites you!
A kobold comes into view. It is wielding a +0 vampiric whip.
You take 14 damage, and have 60/74 hp.
You now have 22/23 mp.
The meliai invokes the aid of its god against you.
Something smites you!
The meliai mumbles some strange prayers to its god against you.
Something smites you!
You take 28 damage, and have 32/74 hp.
MASSIVE DAMAGE!!
The meliai invokes the aid of its god against you.
Something smites you!
You feel threatened and lose the ability to drink potions!
* * * LOW HITPOINT WARNING * * *
You take 12 damage, and have 21/74 hp.
The meliai attacks as you move away! The meliai hits you with a +0 hand axe.
* * * LOW HITPOINT WARNING * * *
The meliai completely misses you.
The meliai mumbles some strange prayers to its god against you.
Something smites you!
* * * LOW HITPOINT WARNING * * *
You take 15 damage, and have 6/74 hp.
MASSIVE DAMAGE!!
MP restored: 23 The meliai closely misses you. x2
Casting: Magic Dart (safe; 1% risk of failure)
Confirm with . or Enter, or press ? or * to list all spells.
Aiming: Searing Ray (safe; 1% risk of failure)
Press: ? - help, Shift-Dir - straight line, f/p - meliai
Aim: a meliai, wielding a +0 hand axe and wearing a +0 robe (moderately wounded, 74% to hit)
You feel a surge of power!
The searing ray hits the meliai.
The meliai is heavily wounded.
The searing ray hits the meliai!
The meliai is moderately wounded. (Press . to maintain the ray.)
The meliai calls upon its god to heal the meliai.
The meliai is healed somewhat.
The meliai hits you with a +0 hand axe.
* * * LOW HITPOINT WARNING * * *
The meliai barely misses you. The meliai hits you with a +0 hand axe!
You die...

######## ##.......
.##################..........
......K..yyy@................
........#'####...............
###.....#....#..########.....
#.....#....#..'......#.....
#.....#....#..#......#.....
#.....####+#..#......'.....
#...... ....#......#.....
....... .....########.....
................ .......


You could see 3 meliai and a kobold.

Vanquished Creatures
  2 vault guards (Bailey)
  A troll (D:10)
  Prince Ribbit (D:7)
  Grinder (D:3)
  A blink frog (Bailey)
  A shadow (D:9)
  3 yaks (D:10)
  3 wyverns
  4 humans (Bailey)
  A steam dragon (D:8)
  Menkaure (D:6)
  An acid dragon (D:8)
  2 water moccasins (D:9)
  2 ice beasts
  A black bear (D:8)
  6 orc warriors
  An ogre (D:6)
  4 centaurs
  2 kobold brigands
  2 phantoms
  Blork the orc (D:6)
  8 bullfrogs
  A gnoll sergeant (D:8)
  A scorpion (D:4)
  7 wights
  11 killer bees
  3 howler monkeys
  A jelly (D:8)
  4 hounds
  2 orc priests
  Crazy Yiuf (D:5)
  Jessica (D:2)
  5 iguanas
  Terence (D:2)
  14 orc wizards
  Robin (D:2)
  5 adders
  9 gnolls
  An ufetubus (D:7)
  4 worms
  2 dart slugs
  26 orcs
  4 endoplasms
  2 giant cockroaches (D:1)
  13 goblins
  13 hobgoblins
  8 jackals
  4 quokkas
  6 ball pythons
  10 bats
  A frilled lizard (D:1)
  14 kobolds
  2 rats (D:2)
  A fulminant prism (D:9)
227 creatures vanquished.

Vanquished Creatures (others)
  29 fulminant prisms
29 creatures vanquished.

Grand Total: 256 creatures vanquished

Notes
Turn   | Place    | Note
-------+----------+-------------------------------------------
     0 | D:1      | Psyclone the Gnoll Conjurer began the quest for the Orb.
     0 | D:1      | Reached XP level 1. HP: 13/13 MP: 6/6
   178 | D:1      | Reached XP level 2. HP: 19/19 MP: 3/7
   421 | D:1      | Learned a level 2 spell: Searing Ray
   588 | D:1      | Found Doiquot's Antique Weapon Shop.
   903 | D:2      | Noticed Jessica
   905 | D:2      | Killed Jessica
   906 | D:2      | Reached skill level 1 in Fighting
   906 | D:2      | Reached skill level 1 in Short Blades
   906 | D:2      | Reached skill level 1 in Long Blades
   906 | D:2      | Reached skill level 1 in Axes
   906 | D:2      | Reached skill level 1 in Maces & Flails
   906 | D:2      | Reached skill level 1 in Polearms
   906 | D:2      | Reached skill level 1 in Staves
   906 | D:2      | Reached skill level 1 in Ranged Weapons
   906 | D:2      | Reached skill level 1 in Throwing
   906 | D:2      | Reached skill level 1 in Armour
   906 | D:2      | Reached skill level 1 in Shields
   906 | D:2      | Reached skill level 1 in Unarmed Combat
   906 | D:2      | Reached skill level 5 in Spellcasting
   906 | D:2      | Reached skill level 1 in Invocations
   906 | D:2      | Reached skill level 1 in Evocations
   906 | D:2      | Reached XP level 3. HP: 26/26 MP: 5/9
   940 | D:2      | Noticed Robin
  1019 | D:2      | Killed Robin
  1020 | D:2      | Reached XP level 4. HP: 32/32 MP: 6/11
  1281 | D:2      | Found a faded altar of an unknown god.
  1303 | D:2      | Reached skill level 1 in Hexes
  1303 | D:2      | Reached skill level 1 in Summonings
  1303 | D:2      | Reached skill level 1 in Necromancy
  1303 | D:2      | Reached skill level 1 in Translocations
  1303 | D:2      | Reached skill level 1 in Transmutations
  1303 | D:2      | Reached skill level 1 in Fire Magic
  1303 | D:2      | Reached skill level 1 in Ice Magic
  1303 | D:2      | Reached skill level 1 in Air Magic
  1303 | D:2      | Reached skill level 1 in Earth Magic
  1303 | D:2      | Reached skill level 1 in Poison Magic
  1600 | D:2      | Noticed Terence
  1607 | D:2      | Killed Terence
  1608 | D:2      | Reached XP level 5. HP: 37/37 MP: 5/12
  2454 | D:3      | Noticed Grinder
  2519 | D:3      | Killed Grinder
  2520 | D:3      | Reached skill level 5 in Dodging
  2520 | D:3      | Reached XP level 6. HP: 44/44 MP: 3/14
  2869 | D:3      | Found the dreamshard necklace {*Dream Drain}
  3095 | D:4      | Reached XP level 7. HP: 50/51 MP: 5/15
  3176 | D:4      | Found a basalt altar of Yredelemnul.
  3596 | D:4      | Identified the orb "Igashrem" {*Rage, +Blink rPois SInv}
  3894 | D:4      | Found a stormy altar of Qazlal.
  4014 | D:4      | Reached skill level 5 in Stealth
  4301 | D:4      | Learned a level 4 spell: Fulminant Prism
  4306 | D:4      | Learned a level 4 spell: Iskenderun's Mystic Blast
  4328 | D:5      | Entered Level 5 of the Dungeon
  4353 | D:5      | Found a broken altar of Ashenzari.
  4366 | D:5      | Became a worshipper of Ashenzari the Shackled
  4411 | D:5      | Identified the +0 leather armour of Prudence {-Cast Contam
                  | rN+++ Dex+8}
  4507 | D:5      | Found a blossoming altar of Fedhas.
  4953 | D:5      | Found a staircase to the Ecumenical Temple.
  5111 | D:5      | Found a runed translucent door.
  5112 | D:5      | Noticed Crazy Yiuf
  5118 | D:5      | Killed Crazy Yiuf
  5177 | D:5      | Reached XP level 8. HP: 58/58 MP: 5/16
  5498 | D:6      | Found an ornate altar of the Wu Jian Council.
  5760 | D:6      | Found a sparkling altar of Nemelex Xobeh.
  5985 | D:6      | Noticed Blork the orc
  5992 | D:6      | Killed Blork the orc
  6129 | D:6      | Noticed Menkaure
  6230 | D:6      | Killed Menkaure
  6389 | D:6      | Found a shimmering blue altar of Sif Muna.
  6597 | D:7      | Reached XP level 9. HP: 65/65 MP: 4/18
  6829 | D:7      | Found Veowkoi's Jewellery Emporium.
  6833 | D:7      | Noticed Prince Ribbit
  6837 | D:7      | Killed Prince Ribbit
  6838 | D:7      | Reached skill level 8 in Conjurations
  7078 | D:7      | Found a runed translucent door.
  7078 | D:7      | Noticed a cyclops
  7078 | D:7      | Noticed foxicus's ghost (novice HOFi)
  7296 | D:7      | Found a radiant altar of Vehumet.
  7875 | D:8      | Identified the +5 rapier of Responsibility {vamp, +Blink
                  | rC+}
  7901 | D:8      | Reached skill level 5 in Invocations
  8104 | D:8      | HP: 1/64 [gnoll sergeant/+8 spear of pain (10)]
  8184 | D:8      | Found a flagged portal.
  8193 | Bailey   | Entered a bailey
  8324 | Bailey   | Reached skill level 5 in Fighting
  8324 | Bailey   | Reached skill level 5 in Short Blades
  8324 | Bailey   | Reached skill level 5 in Long Blades
  8324 | Bailey   | Reached skill level 5 in Axes
  8324 | Bailey   | Reached skill level 5 in Maces & Flails
  8324 | Bailey   | Reached skill level 5 in Polearms
  8324 | Bailey   | Reached skill level 5 in Staves
  8324 | Bailey   | Reached skill level 5 in Ranged Weapons
  8324 | Bailey   | Reached skill level 5 in Throwing
  8324 | Bailey   | Reached skill level 5 in Armour
  8324 | Bailey   | Reached skill level 5 in Shields
  8324 | Bailey   | Reached skill level 5 in Unarmed Combat
  8324 | Bailey   | Reached skill level 5 in Evocations
  8324 | Bailey   | Reached XP level 10. HP: 54/74 MP: 6/20
  8882 | Bailey   | Noticed a vault guard
  8891 | Bailey   | Noticed a vault guard
  9268 | Bailey   | Killed a vault guard
  9444 | Bailey   | Killed a vault guard
  9588 | Bailey   | Identified 3 scrolls of acquirement
  9588 | Bailey   | Acquired the +1 cloak "Zefe" {Dex+8}
  9589 | Bailey   | Acquired 658 gold pieces
  9590 | Bailey   | Acquired Psyclone's Atlas of the Amorphous Discharge
  9611 | Bailey   | Gained mutation: You are partially covered in iridescent
                  | scales. (AC +2) [potion of mutation]
  9611 | Bailey   | Gained mutation: Your body sometimes deteriorates upon
                  | taking damage. [potion of mutation]
  9611 | Bailey   | Gained mutation: You are frail. (-10% HP) [potion of
                  | mutation]
  9612 | Bailey   | Lost mutation: You are partially covered in iridescent
                  | scales. (AC +2) [potion of mutation]
  9612 | Bailey   | Lost mutation: Your body sometimes deteriorates upon taking
                  | damage. [potion of mutation]
  9612 | Bailey   | Gained mutation: Your flesh is cold resistant. (rC+)
                  | [potion of mutation]
  9612 | Bailey   | Gained mutation: You occasionally lose the ability to drink
                  | potions when taking damage. [potion of mutation]
  9612 | Bailey   | Gained mutation: You are agile. (Dex +4, Str/Int -1)
                  | [potion of mutation]
 10261 | D:8      | Found a shimmering altar of Xom.
 11001 | D:9      | Reached skill level 5 in Hexes
 11001 | D:9      | Reached skill level 5 in Summonings
 11001 | D:9      | Reached skill level 5 in Necromancy
 11001 | D:9      | Reached skill level 5 in Translocations
 11001 | D:9      | Reached skill level 5 in Transmutations
 11001 | D:9      | Reached skill level 5 in Fire Magic
 11001 | D:9      | Reached skill level 5 in Ice Magic
 11001 | D:9      | Reached skill level 5 in Air Magic
 11001 | D:9      | Reached skill level 5 in Earth Magic
 11001 | D:9      | Reached skill level 5 in Poison Magic
 11001 | D:9      | Reached XP level 11. HP: 72/72 MP: 15/22
 11689 | D:9      | Found a large runed translucent door.
 11689 | D:9      | Found a large runed translucent door.
 11691 | D:9      | Noticed eliilek's ghost (novice MiBe)
 11715 | D:10     | Entered Level 10 of the Dungeon
 11858 | D:10     | Reached skill level 9 in Conjurations
 12164 | D:10     | HP: 2/74 [meliai/+0 hand axe (6)]
 12164 | D:10     | Slain by a meliai

Illustrated notes

Levels and vault maps discovered:
D:1:      dpeg_arrival_stonehenge_12_columns, layout_basic, serial_shops, shop
D:2:      layout_basic, shapermc_ecumenical_altar_ellora, minivault_25,
          uniq_robin, uniq_terence, uniq_jessica
D:3:      layout_rooms, uniq_grinder
D:4:      layout_loops_corners, mainiacjoe_overflow_paths,
          overflow_temple_1_default
D:5:      layout_basic, kennysheep_mini_moat, overflow_temple_1_default,
          minmay_temple_entry_mist, uniq_crazy_yiuf_cottage
D:6:      layout_basic, pdpol_wu_jian_five_deadly_venoms, lemuel_round_altar,
          lemuel_coloured_pillars_altar, uniq_blork_the_orc, uniq_menkaure
D:7:      layout_basic, mainiacjoe_overflow_concentric_impassable, serial_shops,
          shop, ebering_ghost_inner_flame, uniq_prince_ribbit1
D:8:      layout_basic, mainiacjoe_overflow_brackets, enter_bailey_2,
          grunt_ministairs_4
D:9:      layout_roguey, ebering_ghost_disaster_area
D:10:     lemuel_castle_with_subvaults [lemuel_castle_interior_carwin_1],
          layout_irregular_city, minivault_16

Skill      XL: |  1  2  3  4  5  6  7  8  9 10 11 |
---------------+----------------------------------+-----
Fighting       | 1 2 3 4 5 6 |  6.4
Short Blades   | 1 2 3 4 5 6 |  6.4
Long Blades    | 1 2 3 4 5 6 |  6.4
Axes           | 1 2 3 4 5 6 |  6.4
Maces & Flails | 1 2 3 4 5 6 |  6.4
Polearms       | 1 2 3 4 5 6 |  6.4
Staves         | 1 2 3 4 5 6 |  6.4
Ranged Weapons | 1 2 3 4 5 6 |  6.4
Throwing       | 1 2 3 4 5 6 |  6.4
Armour         | 1 2 3 4 5 6 |  6.4
Shields        | 1 2 3 4 5 6 |  6.4
Unarmed Combat | 1 2 3 4 5 6 |  6.4
Spellcasting   | 5 6 7 8 |  8.2
Invocations    | 1 2 3 4 5 6 7 |  7.0
Evocations     | 1 2 3 4 5 6 |  6.4
Hexes          | 1 2 3 4 5 |  5.3
Summonings     | 1 2 3 4 5 |  5.3
Necromancy     | 1 2 3 4 5 |  5.3
Translocations | 1 2 3 4 5 |  5.3
Transmutations | 1 2 3 4 5 |  5.3
Fire Magic     | 1 2 3 4 5 |  5.3
Ice Magic      | 1 2 3 4 5 |  5.3
Air Magic      | 1 2 3 4 5 |  5.3
Earth Magic    | 1 2 3 4 5 |  5.3
Poison Magic   | 1 2 3 4 5 |  5.3
Dodging        | 5 6 7 |  7.9
Stealth        | 5 6 7 |  7.7
Conjurations   | 8 9 |  9.0

Action                     |  1- 3 |  4- 6 |  7- 9 | 10-12 || total
---------------------------+-------+-------+-------+-------++-------
  Melee: Unarmed           |     2 |       |       |       ||     2
         Dagger            |       |    22 |     9 |       ||    31
         Bite              |       |     5 |     2 |     4 ||    11
         Rapier            |       |       |     6 |    24 ||    30
   Cast: Magic Dart        |    44 |    88 |    88 |    19 ||   239
         Searing Ray       |     1 |     6 |    60 |    31 ||    98
         Fulminant Prism   |       |       |     5 |    25 ||    30
         Iskenderun's Myst |       |       |       |    25 ||    25
    Use: Scroll            |       |       |       |    16 ||    16
         Potion            |       |       |       |     9 ||     9
   Stab: Sleeping          |       |       |       |     2 ||     2
 Armour: Robe              |     2 |     7 |    22 |    19 ||    50
  Dodge: Dodged            |     2 |    16 |    62 |    83 ||   163
